 Dungeon Crawl Stone Soup version 0.29-a0-234-g0dae59b3db (webtiles) character file.

Game seed: 13898524964472451997

148 mineras the Vexing (level 5, 0/24 HPs)
             Began as a Spriggan Enchanter on Mar 2, 2022.
             Succumbed to a water moccasin's poison
             ... on level 4 of the Dungeon.
             The game lasted 00:10:02 (3453 turns).

mineras the Vexing (Spriggan Enchanter)             Turns: 3453, Time: 00:10:02

Health: 0/24       AC:  3    Str: 12    XL:     5   Next: 8%
Magic:  3/13       EV: 18    Int: 16    God:
Gold:   234        SH:  0    Dex: 20    Spells: 3/14 levels left

rFire   . . .      SeeInvis +   a - +2 dagger
rCold   . . .      Faith    .   (no shield)
rNeg    . . .      Spirit   .   b - +0 robe
rPois   .          Reflect  .   (helmet restricted)
rElec   .          Harm     .   e - +0 cloak
rCorr   .          Rampage  .   (gloves unavailable)
Will    .....      Rnd*Tele +   (boots unavailable)
Stlth   +++.......              (no amulet)
HPRegen 0.08/turn               d - +6 ring of dexterity
MPRegen 0.13/turn               k - +6 ring of strength

@: lethally poisoned (0 -> -28), very quick
A: very small, no large weapons, unfitting armour, see invisible, speed 3,
clumsy 1, teleportitis 1
a: no special abilities


You were on level 4 of the Dungeon.
You visited 1 branch of the dungeon, and saw 4 of its levels.

You collected 234 gold pieces.

Inventory:

Hand Weapons
 a - a +2 dagger (weapon)
 j - a +1 short sword of electrocution
Missiles
 i - 2 poisoned darts (quivered)
Armour
 b - a +0 robe (worn)
 e - a +0 cloak (worn)
Jewellery
 d - a +6 ring of dexterity (left hand)
 k - a +6 ring of strength (right hand)
Wands
 f - a wand of acid (10)
Scrolls
 g - 2 scrolls of blinking
 h - 4 scrolls of teleportation
Potions
 c - 2 potions of brilliance


   Skills:
 - Level 1.1 Short Blades
 - Level 2.6 Dodging
 + Level 4.5 Stealth
 + Level 5.0 Spellcasting
 + Level 5.5 Hexes


You had 3 spell levels left.
You knew the following spells:

 Your Spells              Type           Power      Damage    Failure   Level
a - Ensorcelled Hibernat  Hex/Ice        24%        N/A       8%          2
b - Tukima's Dance        Hex            21%        N/A       4%          3
c - Dazzling Flash        Conj/Hex       24%        N/A       14%         3
d - Confusing Touch       Hex            21%        N/A       4%          3

Your spell library contained the following spells:

 Spells                   Type           Power      Damage    Failure   Level
 Inner Flame              Hex/Fire       12%        N/A       14%         3
 Cause Fear               Hex            10%        N/A       16%         4
 Summon Mana Viper        Hex/Summ       12%        N/A       80%         5
 Summon Forest            Summ/Tloc      2%         N/A       99%         5
 Summon Cactus Giant      Summ           2%         N/A       100%        6
 Discord                  Hex            10%        N/A       100%        8


Dungeon Overview and Level Annotations

Branches:
Dungeon (4/15)
 Temple: D:4-7

Altars:

Shops:
D:3 =


Innate Abilities, Weirdness & Mutations

You are very small and have problems with some larger weapons.
You are too small for most types of armour.
You have supernaturally acute eyesight. (SInv)
You cover ground extremely quickly. (Speed+++)
You are clumsy. (Dex -2)
You are occasionally teleported next to monsters.


Message History

The spell is quite dangerous to miscast (4% risk of failure)!
Continue anyway?
Your hands begin to glow red.
The water moccasin closely misses you.
The water moccasin bites you but does no damage.
You barely miss the water moccasin.
The water moccasin is almost dead.
The water moccasin bites you.
You barely miss the water moccasin.
The water moccasin is almost dead.
The water moccasin closely misses you.
You hit the water moccasin but do no damage.
The water moccasin is almost dead.
The water moccasin bites you.
You are poisoned.
The water moccasin poisons you! The water moccasin bites you!
You hit the water moccasin but do no damage.
The water moccasin appears confused.
The water moccasin is almost dead.
You feel very sick.
* * * LOW HITPOINT WARNING * * *
You feel sick. The water moccasin bites you.
* * * LOW HITPOINT WARNING * * *
You are more poisoned.
The water moccasin poisons you!
Unknown command.
Okay, then.
Unknown command.
What are your orders? t - Shout!
Orders for allies: a - Attack new target. p - Attack previous target. r - Retreat! s - Stop attacking. g - Guard the area. f - Follow me.
Anything else - Cancel.
Okay, then.
Unknown command.
Unknown command.
Unknown command.
Unknown command.
You hit the water moccasin.
The water moccasin is almost dead.
You die...

..........######+##'###
..........# #...#...#
..........# #...'...#
'##.......# #..##...#
..+.......# #..##...#
..#.......# #...+..†+
..#.......# #...#...#
..#.......# ##'######
..#.......# #@#
..#.......# #..S#
###.......# #...+ ##..#
#..# ...# ...# ...#


You could see a water moccasin (confused).

Vanquished Creatures
  An orc priest (D:2)
  Crazy Yiuf (D:2)
  3 adders (D:2)
  A worm (D:3)
  2 dart slugs (D:3)
  8 orcs
  5 ball pythons
  3 endoplasms
  2 giant cockroaches
  2 goblins
  5 hobgoblins
  5 kobolds
  A quokka (D:3)
  6 bats
  A frilled lizard (D:3)
  4 rats
50 creatures vanquished.

Vanquished Creatures (others)
  A dancing weapon (D:3)
1 creature vanquished.

Grand Total: 51 creatures vanquished

Notes
Turn   | Place    | Note
-------+----------+-------------------------------------------
     0 | D:1      | mineras the Spriggan Enchanter began the quest for the Orb.
     0 | D:1      | Reached XP level 1. HP: 9/9 MP: 5/5
    27 | D:1      | Found a faded altar of an unknown god.
   242 | D:1      | Reached XP level 2. HP: 13/13 MP: 7/7
   693 | D:1      | Learned a level 2 spell: Ensorcelled Hibernation
  1093 | D:2      | Gained mutation: You are clumsy. (Dex -2) [potion of
                  | mutation]
  1093 | D:2      | Gained mutation: You are occasionally teleported next to
                  | monsters. [potion of mutation]
  1548 | D:2      | Reached XP level 3. HP: 16/16 MP: 1/9
  1552 | D:2      | Learned a level 3 spell: Tukima's Dance
  1556 | D:2      | Learned a level 3 spell: Confusing Touch
  1639 | D:2      | Found a runed translucent door.
  1640 | D:2      | Noticed Crazy Yiuf
  1652 | D:2      | Killed Crazy Yiuf
  1653 | D:2      | Reached skill level 5 in Hexes
  1653 | D:2      | Reached XP level 4. HP: 21/21 MP: 8/11
  1837 | D:2      | Learned a level 3 spell: Dazzling Flash
  2253 | D:3      | Found Ehik's Jewellery Emporium.
  2564 | D:3      | Reached XP level 5. HP: 24/24 MP: 13/13
  3227 | D:4      | Noticed a phantom
  3427 | D:4      | Reached skill level 5 in Spellcasting
  3438 | D:4      | Noticed a water moccasin
  3453 | D:4      | Succumbed to a water moccasin's poison

Illustrated notes

Levels and vault maps discovered:
D:1:      wander_arrival_peaceful_grave, layout_basic,
          hellmonk_ecumenical_altar_run_dry
D:2:      layout_rooms, uniq_crazy_yiuf_cottage
D:3:      layout_basic, serial_shops, nicolae_shop_trees
D:4:      layout_gridville, led_sif_book, kennysheep_mini_moat,
          minmay_temple_entry_arrows

Skill      XL: |  1  2  3  4  5 |
---------------+----------------+-----
Spellcasting   | 3 4 5 |  5.0
Hexes          | 4 5 |  5.5
Short Blades   | |  1.1
Dodging        | |  2.6
Stealth        | |  4.5

Action                   |  1- 3 |  4- 6 || total
-------------------------+-------+-------++-------
Melee: Dagger            |    36 |    80 ||   116
       Punch             |       |     1 ||     1
 Cast: Ensorcelled Hiber |    13 |    14 ||    27
       Tukima's Dance    |       |     7 ||     7
       Confusing Touch   |       |     1 ||     1
  Use: Scroll            |     4 |     3 ||     7
       Potion            |     3 |       ||     3
 Stab: Sleeping          |    13 |    15 ||    28
       Distracted        |       |     1 ||     1
Armor: Robe              |     7 |    11 ||    18
Dodge: Dodged            |    42 |    53 ||    95

Table legend: (Time is in decaauts)
 A = Elapsed time spent in this place.
 B = Non-inter-level travel time spent in this place.
 C = Inter-level travel time spent in this place.
 D = Time resting spent in this place.
 E = Time spent auto-exploring this place.
 F = Levels seen in this place.
 G = Mean time per level.
                   A        B        C        D        E       F      G
               +--------+--------+--------+--------+--------+-----+--------+
         Total |   2701 |   2594 |    107 |    754 |   1393 |   4 |  675.2 |
       Dungeon |   2701 |   2594 |    107 |    754 |   1393 |   4 |  675.2 |
               +--------+--------+--------+--------+--------+-----+--------+

Top non-repeatable levels by time:
     D:1: 1055 daAuts
     D:3: 1013 daAuts
     D:2: 574 daAuts
     D:4: 57 daAuts
